 Dungeon Crawl Stone Soup version 0.28-a0-1506-g3893175d92 (webtiles) character file.

Game seed: 4371518052111496015

17623 shadowrider38 the Thaumaturge (level 12, -1/92 HPs)
             Began as a Human Fire Elementalist on Jan 13, 2022.
             Was a High Priest of Vehumet.
             Slain by an ice devil (4 damage)
             ... on level 1 of the Lair of Beasts.
             The game lasted 01:50:24 (27678 turns).

shadowrider38 the Thaumaturge (HuFE)               Turns: 27678, Time: 01:50:24

Health: -1/92      AC: 11    Str:  9    XL:     12   Next: 84%
Magic:  12/25      EV: 14    Int: 26    God:    Vehumet [*****.]
Gold:   192        SH:  0    Dex: 13    Spells: 13/30 levels left

rFire   . . .      SeeInvis +   a - +1 halberd (flame)
rCold   + . .      Faith    +   (shield currently unavailable)
rNeg    + + .      Spirit   .   J - +2 robe {Will+}
rPois   .          Reflect  .   F - +2 hat {SInv}
rElec   +          Harm     .   v - +0 cloak
rCorr   .          Rampage  .   r - -1 pair of gloves of the Apprentice {rC+ rN++ Regen+ Str+4}
Will    +....                   (no boots)
Stlth   ++........              s - amulet of faith
HPRegen 1.05/turn               g - +4 ring of protection
MPRegen 0.19/turn               q - ring "Veajypp" {Wiz rElec Str-5 Int+6}

@: no status effects
A: no striking features
a: Renounce Religion


You were on level 1 of the Lair of Beasts.
You worshipped Vehumet.
Vehumet was extremely pleased with you.
You visited 3 branches of the dungeon, and saw 13 of its levels.

You collected 468 gold pieces.
You spent 276 gold pieces at shops.

Inventory:

Hand Weapons
 a - a +1 halberd of flaming (weapon)
Missiles
 k - 268 stones
 w - 19 poisoned darts
 A - 3 boomerangs
 M - 4 boomerangs of dispersal
 O - 5 curare-tipped darts
Armour
 m - a +0 helmet
 r - the -1 pair of gloves of the Apprentice (worn) {rC+ rN++ Regen+ Str+4}
   (You acquired it on level 10 of the Dungeon)

   Str:       It affects your strength (+4).
   rC:        It protects you from cold.
   rN:        It greatly protects you from negative energy.
   Regen:     It increases your rate of health regeneration.
 u - a +1 robe of cold resistance
 v - a +0 cloak (worn)
 y - +0 swamp dragon scales
 F - a +2 hat of see invisible (worn)
 J - a +2 robe of willpower (worn)
Jewellery
 g - a +4 ring of protection (left hand)
 p - an amulet of reflection
 q - the ring "Veajypp" (right hand) {Wiz rElec Str-5 Int+6}
   (You acquired it on level 6 of the Dungeon)

   [ring of wizardry]

   It improves your spell success rate.
   Str:       It affects your strength (-5).
   Int:       It affects your intelligence (+6).
   rElec:     It insulates you from electricity.
 s - an amulet of faith (around neck)
 t - a ring of flight
 x - a +4 ring of protection
 G - a ring of willpower
 R - a +6 ring of dexterity
 S - a ring of ice
Wands
 d - a wand of flame (29)
 n - a wand of mindburst (9)
 H - a wand of charming (16)
 K - a wand of acid (9)
 L - a wand of iceblast (3)
 N - a wand of polymorph (6)
Scrolls
 h - a scroll of vulnerability
 j - 2 scrolls of torment
 l - a scroll of summoning
 E - a scroll of immolation
 I - a scroll of holy word
 P - a scroll of fog
 Q - a scroll of amnesia {unknown}
 U - a scroll of magic mapping {unknown}
Potions
 b - 2 potions of curing
 e - a potion of ambrosia {unknown}
 f - 2 potions of resistance
 i - 3 potions of haste
 o - 2 potions of flight
 z - 4 potions of brilliance
 B - 2 potions of mutation
 D - 2 potions of lignification


   Skills:
 - Level 8.0 Fighting
 - Level 6.0 Dodging
 - Level 4.0 Stealth
 + Level 9.5 Spellcasting
 - Level 4.0 Conjurations
 - Level 4.0 Summonings
 - Level 4.0 Necromancy
 - Level 4.0 Fire Magic
 - Level 8.0 Ice Magic
 - Level 4.0 Air Magic
 - Level 8.0 Evocations


You had 13 spell levels left.
You knew the following spells:

 Your Spells              Type           Power      Damage    Failure   Level
a - Foxfire               Conj/Fire      100%       2x1d9     1%          1
b - Scorch                Fire           66%        2d8       1%          2
c - Ozocubu's Armour      Ice            52%        N/A       1%          3
d - Metabolic Englaciati  Hex/Ice        16%        N/A       11%         5
e - Blink                 Tloc           24%        N/A       3%          2
f - Summon Lightning Spi  Summ/Air       33%        N/A       4%          4

Your spell library contained the following spells:

 Spells                   Type           Power      Damage    Failure   Level
 Conjure Ball Lightning   Conj/Air       16%        3x3d6     16%         6
 Conjure Flame            Conj/Fire      33%        6-21      1%          3
 Inner Flame              Hex/Fire       22%        N/A       1%          3
 Flame Wave               Conj/Fire      33%        2d7       1%          4
 Gell's Gravitas          Tloc           12%        N/A       6%          3
 Lesser Beckoning         Tloc           12%        N/A       6%          3
 Teleport Other           Tloc           12%        N/A       6%          3
 Simulacrum               Ice/Necr       21%        N/A       26%         6
 Manifold Assault         Tloc           12%        N/A       45%         5
 Storm Form               Tmut/Air       11%        N/A       99%         7


Dungeon Overview and Level Annotations

Branches:
Dungeon (11/15)            Temple (1/1) D:4            Lair (1/6) D:9
    Orc (0/2) D:9

Altars:
Ashenzari
Cheibriados
Dithmenos
Elyvilon
Fedhas
Gozag
Hepliaklqana
Kikubaaqudgha
Makhleb
Nemelex Xobeh
Okawaru
Qazlal
Ru
Sif Muna
Trog
Uskayaw
Vehumet
Wu Jian
Xom
Yredelemnul
Zin
The Shining One

Shops:
D:2 :**   D:4 *

Annotations:
D:1 exclusion: downstairs


Message History

The ice devil struggles against the net.
Evoke which item? (* to show all) (? for menu, Esc to quit)
Okay, then.
Aiming: Corrosive Bolt
Press: ? - help, Shift-Dir - straight line, f/p - ice devil
Aim: an ice devil (entangled in a net, 100% to hit)
The bolt of acid hits the ice devil!
The acid corrodes the ice devil!
The ice devil is lightly wounded.
You feel stable enough to blink again. The ice devil barely misses you.
The ice devil struggles against the net.
Aiming: Corrosive Bolt
Press: ? - help, Shift-Dir - straight line, f - ice devil, p - ice devil
Aim: an ice devil (lightly wounded, ally target, 74% to hit)
The bolt of acid hits the ice devil!
The ice devil is heavily wounded.
The ice devil misses you.
The ice devil struggles against the net.
Aiming: Throw Flame
Press: ? - help, Shift-Dir - straight line, f/p - ice devil
Aim: an ice devil (heavily wounded, ally target, 76% to hit)
The puff of flame hits the ice devil but does no damage.
The ice devil is heavily wounded.
The ice devil hits you.
* * * LOW HITPOINT WARNING * * *
The ice devil freezes you. You resist.
* * * LOW HITPOINT WARNING * * *
The ice devil struggles against the net.
The net rips apart, and the ice devil comes free!
Press: ? - help, v - describe, . - travel
Here: an ice devil (heavily wounded, ally target)
The floor.
Unknown command.
Unknown command.
Unknown command.
Unknown command.
The ice devil hits you.
* * * LOW HITPOINT WARNING * * *
The ice devil freezes you. You resist.
You die...

#....#### ##.....##
###..##.###......#
#.............##
#..............#
##..#######.....##
##..## #.......##
....## ###........###
.....## #.#.##....[..#
###P..####...##.@...##
###......####..44.#
##......###......##
#............<....# #
##.....##..........#
###....#####..8.....##
.#......# ##........#
........# #........##
##.....####..#.##..#


You could see 2 ice devils and a friendly lightning spire (summoned).

Vanquished Creatures
  2 two-headed ogres
  A manticore (D:11)
  An elephant (D:9)
  Psyche (D:8)
  Maggie (D:8)
  A freezing wraith (Lair:1)
  A polar bear (D:9)
  4 trolls
  Grinder (D:3)
  Sigmund (D:4)
  A ynoxinul (D:9)
  2 shadows
  A wraith (D:9)
  8 yaks
  2 basilisks (D:9)
  A steam dragon (D:8)
  2 wyverns
  4 water moccasins
  2 orc warriors
  A black bear (D:5)
  3 necrophages
  2 sky beasts
  4 ogres
  4 centaurs
  13 wolves
  2 phantoms (D:9)
  2 kobold brigands
  6 bullfrogs
  2 scorpions
  A water moccasin zombie (D:5)
  3 howler monkeys
  A crimson imp (D:11)
  A bullfrog zombie (D:6)
  4 centaur zombies
  3 jellies
  2 orc priests
  2 hounds
  A centaur skeleton (D:7)
  A bullfrog skeleton (D:5)
  A gnoll shaman (D:4)
  2 iguanas
  10 orc wizards
  5 ogre zombies (D:9)
  A hound zombie (D:5)
  A hound skeleton (D:5)
  5 adders
  10 gnolls
  A naga simulacrum (Lair:1)
  3 white imps
  2 ufetubi
  2 adder skeletons (D:4)
  2 worms (D:3)
  4 dart slugs
  25 orcs
  8 ball pythons
  10 bats
  5 endoplasms
  5 giant cockroaches
  5 goblins
  3 hobgoblins
  6 quokkas
  3 frilled lizards
  A goblin zombie (D:9)
  A hobgoblin skeleton (D:9)
  3 hobgoblin zombies (D:9)
  10 kobolds
  14 orc zombies (D:9)
  5 rats (D:1)
248 creatures vanquished.

Vanquished Creatures (collateral kills)
  A death yak (Lair:1)
  Sonja (D:10)
  An ugly thing (D:11)
  A cane toad (Lair:1)
  A rime drake (Lair:1)
  An ice devil (Lair:1)
  3 trolls (D:11)
  A polar bear (Lair:1)
  Eustachio (D:4)
  3 yaks
  3 vampire mosquitoes (D:11)
  3 water moccasins (Lair:1)
  12 wolves
  2 centaurs
  A two-headed ogre simulacrum (Lair:1)
  An orc priest (D:10)
  Ijyb (D:4)
  An orc wizard (D:11)
  A troll simulacrum (Lair:1)
  A spriggan simulacrum (Lair:1)
  A wolf simulacrum (Lair:1)
  2 orcs (D:11)
43 creatures vanquished.

Vanquished Creatures (others)
  A troll zombie (D:9)
  An orc (D:8)
  3 kobolds (D:8)
  A quokka (D:8)
  A demonic plant (D:2)
  243 foxfires
  7 fungi
  89 plants
  2 withered plants (D:2)
348 creatures vanquished.

Grand Total: 639 creatures vanquished

Notes
Turn   | Place    | Note
-------+----------+-------------------------------------------
     0 | D:1      | shadowrider38 the Human Fire Elementalist began the quest
                  | for the Orb.
     0 | D:1      | Reached XP level 1. HP: 13/13 MP: 3/3
   129 | D:1      | Reached skill level 1 in Fighting
   260 | D:1      | Reached XP level 2. HP: 21/21 MP: 3/5
   912 | D:1      | Reached XP level 3. HP: 27/27 MP: 2/6
  1701 | D:2      | Found Ruatzeke's Assorted Antiques.
  2108 | D:2      | Found a faded altar of an unknown god.
  2426 | D:2      | Found a hazy altar of Hepliaklqana.
  3110 | D:2      | Found Omoum's Book Emporium.
  3194 | D:2      | Found Cyri's General Store.
  3292 | D:3      | Reached XP level 4. HP: 34/34 MP: 2/7
  3993 | D:3      | Noticed Grinder
  3994 | D:3      | Paralysed by Grinder for 6 turns
  4498 | D:3      | Reached XP level 5. HP: 41/41 MP: 8/8
  4699 | D:4      | Reached skill level 1 in Evocations
  4758 | D:4      | Found an opulent altar of Gozag.
  4758 | D:4      | Found Gozag's Platinum Reserve.
  4828 | D:4      | Found a staircase to the Ecumenical Temple.
  4843 | Temple   | Entered the Ecumenical Temple
  4861 | Temple   | Became a worshipper of Vehumet
  5152 | D:3      | Reached XP level 6. HP: 48/48 MP: 7/9
  5439 | D:3      | Learned a level 2 spell: Scorch
  5523 | D:3      | Reached skill level 3 in Spellcasting
  6134 | D:4      | Learned a level 3 spell: Ozocubu's Armour
  6277 | D:4      | Noticed Eustachio
  6373 | D:4      | Noticed Sigmund
  6393 | D:4      | Reached XP level 7. HP: 34/54 MP: 8/11
  6782 | D:4      | Reached * piety under Vehumet
  6782 | D:4      | Offered knowledge of Sandblast by Vehumet.
  7058 | D:5      | Entered Level 5 of the Dungeon
  7179 | D:5      | Noticed a yak
  7699 | D:5      | Reached XP level 8. HP: 60/60 MP: 0/12
  8658 | D:5      | Reached skill level 4 in Spellcasting
  9214 | D:5      | Noticed a yak
  9337 | D:5      | Noticed a yak
  9370 | D:6      | Identified a scroll of acquirement
  9371 | D:6      | Acquired the ring "Veajypp" {Wiz rElec Str-5 Int+6}
  9471 | D:6      | Offered knowledge of Freeze by Vehumet.
  9472 | D:6      | Reached XP level 9. HP: 65/65 MP: 7/15
  9630 | D:6      | Reached ** piety under Vehumet
  9994 | D:6      | Reached skill level 5 in Fighting
 11509 | D:7      | Reached skill level 5 in Ice Magic
 12833 | D:8      | Found a white marble altar of Elyvilon.
 12951 | D:8      | Noticed Maggie
 12957 | D:8      | Killed Maggie
 13134 | D:8      | Reached skill level 5 in Spellcasting
 13147 | D:8      | Reached XP level 10. HP: 43/76 MP: 2/18
 13771 | D:8      | Noticed Psyche
 13818 | D:8      | Killed Psyche
 13819 | D:8      | Reached skill level 6 in Spellcasting
 13819 | D:8      | Reached skill level 5 in Evocations
 14471 | D:9      | Noticed an elephant
 15016 | D:9      | Learned a level 5 spell: Metabolic Englaciation
 15019 | D:9      | Learned a level 2 spell: Blink
 15120 | D:9      | Noticed a two-headed ogre
 15125 | D:9      | Found a staircase to the Lair.
 15423 | D:9      | Found a shimmering blue altar of Sif Muna.
 15444 | D:9      | Offered knowledge of Ignite Poison by Vehumet.
 15487 | D:9      | Got Sif Muna's Incunabulum of Flight
 15834 | D:9      | Reached skill level 5 in Dodging
 16090 | D:9      | Killed an elephant
 17118 | D:9      | Reached *** piety under Vehumet
 17547 | D:9      | Reached XP level 11. HP: 71/81 MP: 13/21
 17692 | D:9      | Offered knowledge of Airstrike by Vehumet.
 17693 | D:9      | Reached skill level 7 in Spellcasting
 18878 | D:9      | Found a staircase to the Orcish Mines.
 19230 | D:9      | Found a bloodstained altar of Trog.
 20028 | D:2      | Learned a level 4 spell: Summon Lightning Spire
 20037 | D:3      | Killed Grinder
 20038 | D:3      | Reached skill level 8 in Spellcasting
 20038 | D:3      | Reached skill level 1 in Air Magic
 20346 | D:4      | Killed Sigmund
 20347 | D:4      | Reached skill level 1 in Summonings
 20542 | D:4      | Noticed Ijyb
 20562 | D:4      | Killed Ijyb
 20572 | D:4      | Killed Eustachio
 20894 | D:10     | Entered Level 10 of the Dungeon
 20903 | D:10     | Reached **** piety under Vehumet
 20905 | D:10     | Noticed a two-headed ogre
 21186 | D:9      | Offered knowledge of Yara's Violent Unravelling by Vehumet.
 21343 | D:8      | Killed a two-headed ogre
 21486 | D:9      | Killed a two-headed ogre
 22030 | D:10     | Noticed Sonja
 22330 | D:10     | Acquired the -1 pair of gloves of the Apprentice {rC+ rN++
                  | Regen+ Str+4}
 22999 | D:10     | Killed Sonja
 23228 | D:11     | Noticed a manticore
 23786 | D:11     | Reached XP level 12. HP: 84/92 MP: 18/24
 24878 | D:2      | Bought an embroidered hat for 161 gold pieces
 24878 | D:2      | Bought a potion of heal wounds for 115 gold pieces
 25044 | Lair:1   | Entered Level 1 of the Lair of Beasts
 25558 | Lair:1   | Reached skill level 1 in Necromancy
 25789 | D:9      | HP: 1/92 [wolf (9)]
 26398 | Lair:1   | Reached ***** piety under Vehumet
 26728 | Lair:1   | Offered knowledge of Conjure Ball Lightning by Vehumet.
 27065 | Lair:1   | Reached skill level 9 in Spellcasting
 27087 | Lair:1   | Noticed a death yak
 27203 | Lair:1   | Killed a death yak
 27678 | Lair:1   | HP: 3/92 [ice devil (6)]
 27678 | Lair:1   | Slain by an ice devil

Illustrated notes

Levels and vault maps discovered:
D:1:      onia_arrival_handbag, layout_basic
D:2:      wad_lake_hut, layout_basic, basic_altar, shapermc_ecumenical_altar_gd,
          serial_shops, shop, nicolae_shop_behind_doors,
          nicolae_shop_hallway_plus
D:3:      layout_basic, chequers_big_river, uniq_grinder
D:4:      layout_rooms, nicolae_gozag_zags_fifth_avenue,
          minmay_temple_entry_arrows, gup_sewer_entry_pipe, uniq_ijyb,
          uniq_eustachio, uniq_sigmund
D:5:      layout_rooms, serial_bayou, serial_bayou_pond_b,
          serial_bayou_lagoon_a, serial_bayou_crossing, serial_bayou_lake_a,
          serial_bayou_shore_b, solitary_fountain
D:6:      layout_loops_cross
D:7:      layout_basic, serial_co_window_serial, co_window_of_opportunity_a,
          co_window_corner_a, co_window_corner_a, co_window_paths_b,
          co_window_paths_a, co_window_corner_a, co_window_broadway_a,
          co_window_of_opportunity_c, co_window_2corner, co_window_paths_c,
          co_window_unsneaky_path_b, co_window_corner_b, co_window_4corner_a,
          co_window_sun, glass_columns_b, glass_columns_c, glass_columns_b
D:8:      layout_loops_ring, elyvilon_altar_4, columned_hall_lemuel,
          uniq_psyche, uniq_maggie
D:9:      layout_loops_ring, nzn_overflow_gifts_of_might_and_magic,
          david_lair_generic, zombieorc1_lemuel
D:10:     layout_rooms, uniq_sonja
D:11:     layout_roguey, serial_curves, eino_curves_03, eino_curves_04,
          eino_curves_04, eino_curves_04, minmay_fire_ice_demons
Temple:   nicolae_temple_no_exploring_needed
Lair:1:   dreamdust_isle_of_ice, layout_layer_cave,
          grunt_forest_large_clearings, serial_bayou_shore_b

Skill      XL: |  1  2  3  4  5  6  7  8  9 10 11 12 |
---------------+-------------------------------------+-----
Fighting       | 1 2 3 4 6 8 |  8.0
Stealth        | 3 4 |  4.0
Evocations     | 2 3 4 5 8 |  8.0
Spellcasting   | 3 4 5 6 8 9 |  9.5
Fire Magic     | 4 |  4.0
Ice Magic      | 3 6 8 |  8.0
Conjurations   | 2 4 |  4.0
Dodging        | 4 6 |  6.0
Air Magic      | 4 |  4.0
Summonings     | 4 |  4.0
Necromancy     | 4 |  4.0

Action                   |  1- 3 |  4- 6 |  7- 9 | 10-12 || total
-------------------------+-------+-------+-------+-------++-------
Melee: Short sword       |     3 |       |     2 |   403 ||   408
       Dagger            |    17 |   112 |    81 |       ||   210
       Punch             |       |     2 |       |     6 ||     8
       Halberd           |       |       |       |    96 ||    96
Throw: Throwing net      |       |       |     1 |     2 ||     3
       Dart              |       |       |       |     6 ||     6
       Boomerang         |       |       |       |     4 ||     4
 Cast: Foxfire           |    53 |    44 |    22 |    25 ||   144
       Scorch            |       |     8 |   112 |   259 ||   379
       Ozocubu's Armour  |       |       |    27 |    49 ||    76
       Blink             |       |       |       |    11 ||    11
       Metabolic Englaci |       |       |       |    10 ||    10
       Summon Lightning  |       |       |       |    42 ||    42
Evoke: Wand              |       |     1 |     5 |     4 ||    10
  Use: Scroll            |     7 |     3 |     4 |    10 ||    24
       Potion            |       |       |       |     5 ||     5
 Stab: Sleeping          |     1 |     3 |     1 |       ||     5
       Distracted        |       |       |     1 |     2 ||     3
Armor: Robe              |     4 |    56 |    63 |   402 ||   525
       Ring mail         |       |    34 |       |       ||    34
       Skin              |       |       |       |    65 ||    65
Dodge: Dodged            |     8 |    91 |    84 |   726 ||   909
Block: Other             |       |     8 |       |       ||     8

Table legend: (Time is in decaauts)
 A = Elapsed time spent in this place.
 B = Non-inter-level travel time spent in this place.
 C = Inter-level travel time spent in this place.
 D = Time resting spent in this place.
 E = Time spent auto-exploring this place.
 F = Levels seen in this place.
 G = Mean time per level.
                   A        B        C        D        E       F      G
               +--------+--------+--------+--------+--------+-----+--------+
         Total |  27969 |  25874 |   2095 |  12168 |   6092 |  13 | 2151.5 |
       Dungeon |  25990 |  23910 |   2080 |  10850 |   5802 |  11 | 2362.7 |
        Temple |     26 |     12 |     14 |      0 |      0 |   1 |   26.0 |
          Lair |   1951 |   1951 |      0 |   1318 |    289 |   1 | 1951.0 |
               +--------+--------+--------+--------+--------+-----+--------+

Top non-repeatable levels by time:
     D:9: 5031 daAuts
     D:8: 3661 daAuts
     D:3: 2637 daAuts
     D:5: 2578 daAuts
     D:2: 2430 daAuts
     D:7: 2137 daAuts
  Lair:1: 1951 daAuts
     D:1: 1652 daAuts
     D:4: 1599 daAuts
     D:6: 1514 daAuts
    D:11: 1445 daAuts
    D:10: 1302 daAuts
  Temple: 26 daAuts
